 Dungeon Crawl Stone Soup version 0.22-a0-351-g29664b41f0 (webtiles) character file.

246 Dreamer the Shield-Bearer (level 6, 0/47 HPs)
             Began as a Formicid Fighter on Apr 13, 2018.
             Succumbed to a scorpion's poison
             ... on level 4 of the Dungeon.
             The game lasted 00:10:05 (3886 turns).

Dreamer the Shield-Bearer (Formicid Fighter)        Turns: 3886, Time: 00:10:06

Health: 0/47       AC:  8    Str: 17 (20) XL:     6   Next: 33%
Magic:  6/6        EV:  9    Int: 11 (13) God:
Gold:   241        SH:  9    Dex: 11 (12) Spells: 5/5 levels left

rFire    . . .     SeeInvis +     - Unarmed
rCold    . . .     Gourm    .   b - +0 shield
rNeg     . . .     Faith    .   a - +0 scale mail
rPois    .         Spirit   .   (helmet unavailable)
rElec    .         Reflect  .   q - +0 cloak
rCorr    .         Harm     .   (no gloves)
MR       +....                  (no boots)
Stlth    ..........             (no amulet)
HPRegen  0.15/turn              (no ring)
MPRegen  0.10/turn              l - ring of protection from magic

@: brilliant, lethally poisoned (0 -> 0)
A: permanent stasis, dig shafts and tunnels, four strong arms, antennae 3
a: Dig, Shaft Self


You were on level 4 of the Dungeon.
You were very hungry.

You visited 1 branch of the dungeon, and saw 4 of its levels.

You collected 241 gold pieces.

Inventory:

Armour
 a - a +0 scale mail (worn)
 b - a +0 shield (worn)
 q - a +0 cloak (worn)
Jewellery
 l - a ring of protection from magic (right hand)
Scrolls
 e - a scroll of immolation {unknown}
 g - a scroll of blinking
 i - 2 scrolls of remove curse
 k - a scroll of magic mapping {unknown}
 m - 2 scrolls of fear
 n - 2 scrolls of teleportation
 p - a scroll of amnesia {unknown}
 r - a scroll of random uselessness {unknown}
 s - a scroll of fog {unknown}
Potions
 t - a potion of agility {unknown}
 u - a potion of ambrosia {unknown}
Comestibles
 d - 3 rations


   Skills:
 - Level 3.2 Fighting
 + Level 4.6 Armour
 + Level 2.3 Dodging
 + Level 5.0 Shields
 + Level 3.4 Unarmed Combat


You had 5 spell levels left.
You didn't know any spells.

Dungeon Overview and Level Annotations

Branches:
Dungeon (4/15)
 Temple: D:4-7

Altars:
Okawaru


Innate Abilities, Weirdness & Mutations

You cannot be hasted, slowed, berserked, paralysed or teleported.
You can dig through walls and to a lower floor.
Your four strong arms can wield two-handed weapons with a shield.
You have a pair of large antennae on your head. (SInv)


Message History

* * * LOW HITPOINT WARNING * * *
You feel sick.
You start resting.
* * * LOW HITPOINT WARNING * * *
You feel sick.
You start resting.
* * * LOW HITPOINT WARNING * * *
You feel sick.
You start resting.
There is a lethal amount of poison in your body!
There is a lethal amount of poison in your body!
Your transformation is almost over.
* * * LOW HITPOINT WARNING * * *
You feel sick.
* * * LOW HITPOINT WARNING * * *
You feel sick.
You feel less wooden.
Your +0 cloak unmelds from your body.
Your +0 scale mail unmelds from your body.
You die...

#####...## #........# .#
#.######.# #.# #.# #.#
#.# #.# ####.######.###
#.# #.......#.....
##.###.##.##.#.#.##
#.......#.##.#....## #
#..^......##...@...#.###
#......(..####..........
#.####..### #.......###
#. ...# ###.##### #.
.##.# #.# #. .# #'# ##
#...# #.....# #.......#


There were no monsters in sight!

Vanquished Creatures
  A black bear (D:3)
  A scorpion (D:4)
  3 adders
  An ooze (D:2)
  4 worms
  3 leopard geckos
  9 bats
  4 giant cockroaches
  11 goblins
  4 hobgoblins
  3 jackals (D:2)
  A quokka (D:3)
  2 frilled lizards
  3 kobolds
  7 rats
57 creatures vanquished.

Notes
Turn   | Place    | Note
-------+----------+-------------------------------------------
     0 | D:1      | Dreamer the Formicid Fighter began the quest for the Orb.
     0 | D:1      | Reached XP level 1. HP: 18/18 MP: 1/1
   136 | D:1      | Reached XP level 2. HP: 24/24 MP: 2/2
   504 | D:1      | Reached skill level 4 in Shields
   504 | D:1      | Reached XP level 3. HP: 26/29 MP: 3/3
   649 | D:1      | Reached skill level 1 in Dodging
   903 | D:2      | Reached XP level 4. HP: 21/35 MP: 4/4
  2109 | D:3      | Found an iron altar of Okawaru.
  2508 | D:3      | Noticed a black bear
  2601 | D:3      | Killed a black bear
  2601 | D:3      | Reached XP level 5. HP: 14/41 MP: 5/5
  3257 | D:3      | Reached XP level 6. HP: 24/47 MP: 6/6
  3849 | D:4      | Reached skill level 5 in Shields
  3864 | D:4      | HP: 3/70 [poisoned by a scorpion]
  3871 | D:4      | HP: 1/70 [poisoned by a scorpion]
  3878 | D:4      | HP: 1/70 [poisoned by a scorpion]
  3886 | D:4      | Succumbed to a scorpion's poison

Vault maps used:
D:1:      dpeg_arrival_subterranean_lakeside_camping,
          hangedman_decor_diamond_cutter, minmay_close_crescents
D:2:      first_ration
D:3:      serial_forest, infiniplex_forest_straight_2,
          infiniplex_forest_lined_room_3, infiniplex_forest_split,
          infiniplex_forest_straight_4, infiniplex_forest_clump_double,
          infiniplex_forest_corner_1, infiniplex_forest_clump_large,
          okawaru_ov_weapons_minmay

Skill      XL: |  1  2  3  4  5  6 |
---------------+-------------------+-----
Shields        | 4 5 |  5.0
Dodging        | 1 2 |  2.3
Armour         | 4 |  4.6
Unarmed Combat | 3 |  3.4
Fighting       | |  3.2

Action                   |  1- 3 |  4- 6 || total
-------------------------+-------+-------++-------
Melee: Unarmed           |   143 |   354 ||   497
  Use: Potion            |       |     4 ||     4
       Scroll            |       |     4 ||     4
  Eat: Chunk             |       |     9 ||     9
Armor: Scale mail        |    56 |    69 ||   125
Dodge: Dodged            |    59 |    42 ||   101
Block: Shield            |    70 |    86 ||   156

Table legend:
 A = Spawn XP
 B = Non-spawn XP
 C = Spawn XP percentage of total XP
 D = Spawn monster count
 E = Non-spawn monster count
 F = Spawn count percentage of total count
 G = Total turns spent on level
                    A         B        C        D         E        F      G
               +---------+---------+-------+---------+---------+-------+---------
         Total |       0 |     352 |   0.0 |       0 |      57 |   0.0 |  3886
               +---------+---------+-------+---------+---------+-------+---------
           D:1 |       0 |      38 |   0.0 |       0 |      22 |   0.0 |   800
           D:2 |       0 |      62 |   0.0 |       0 |      18 |   0.0 |  1232
           D:3 |       0 |     179 |   0.0 |       0 |      15 |   0.0 |  1749
           D:4 |       0 |      73 |   0.0 |       0 |       2 |   0.0 |   105
               +---------+---------+-------+---------+---------+-------+---------
